 Dungeon Crawl Stone Soup version 0.30-a0-311-gf115ab0292 (webtiles) character file.

Game seed: 16525688644568696212

1 910rd the Caller (level 1, 0/12 HPs)
             Began as an Octopode Summoner on Oct 25, 2022.
             Slain by a rat (3 damage)
             ... on level 1 of the Dungeon.
             The game lasted 00:00:38 (34 turns).

910rd the Caller (Octopode Summoner)                  Turns: 34, Time: 00:00:38

Health: 0/12       AC:  1    Str:  7    XL:     1   Next: 20%
Magic:  3/3        EV: 13    Int: 17    God:
Gold:   7          SH:  0    Dex: 12    Spells: 3/4 levels left

rFire   . . .      SeeInvis .    (no weapon)
rCold   . . .      Faith    .    (no shield)
rNeg    . . .      Spirit   .    (helmet restricted)
rPois   .          Reflect  .    (no amulet)
rElec   .          Harm     .    (no ring)
rCorr   .          Rampage  .    (no ring)
Will    .....                    (no ring)
Stlth   +++.......               (no ring)
HPRegen 0.22/turn                (no ring)
MPRegen 0.08/turn                (no ring)
                                 (no ring)
                                 (no ring)

@: no status effects
A: almost no armour, amphibious, 8 rings, camouflage 1, gelatinous body 1,
(nimble swimmer 1), tentacles
a: no special abilities


You were on level 1 of the Dungeon.
You visited 1 branch of the dungeon, and saw 1 of its levels.

You collected 7 gold pieces.

Inventory:

Potions
 a - a potion of magic


   Skills:
 + Level 0.4 Fighting
 - Level 2.0 Dodging
 - Level 2.6 Stealth
 - Level 2.0 Spellcasting
 - Level 4.0 Summonings


You had 3 spell levels left.
You knew the following spells:

 Your Spells              Type           Power      Damage    Failure   Level
a - Summon Small Mammal   Summ           60%        N/A       3%          1

Your spell library contained the following spells:

 Spells                   Type           Power      Damage    Failure   Level
 Call Imp                 Summ           15%        N/A       5%          2
 Call Canine Familiar     Summ           15%        N/A       11%         3
 Summon Guardian Golem    Hex/Summ       8%         N/A       26%         3
 Summon Lightning Spire   Summ/Air       8%         N/A       63%         4


Dungeon Overview and Level Annotations

Branches:
Dungeon (1/15) Zot: 5965

Altars:


Innate Abilities, Weirdness & Mutations

You cannot wear most types of armour.
You are amphibious.
You can wear up to eight rings at the same time.
Your skin changes colour to match your surroundings (Stealth+).
Your rubbery body absorbs attacks. (AC +1, EV +1)
((You are camouflaged when in or above water. (Stealth+)))
You have tentacles for arms and can constrict up to eight enemies at once.


Message History

The helpless giant cockroach fails to defend itself.
You tentacle-slap the giant cockroach. Your grab misses the giant cockroach.
You squeeze the giant cockroach.
You kill the giant cockroach!
Health restored: 12 You now have 7 gold pieces.
Magic restored.
A rat, a kobold and a bat come into view.
MP restored: 3 You swap places.
You swap places.
The kobold hits you with a +0 short sword.
You take 3 damage, and have 9/12 hp.
MASSIVE DAMAGE!!
You tentacle-slap the kobold but do no damage.
You grab the kobold.
You constrict the kobold, but do no damage.
The kobold hits you with a +0 short sword.
* * * LOW HITPOINT WARNING * * *
You take 5 damage, and have 4/12 hp.
MASSIVE DAMAGE!!
You tentacle-slap the kobold but do no damage.
You constrict the kobold, but do no damage.
The rat closely misses you. The kobold barely misses you.
You barely miss the kobold. You constrict the kobold.
The kobold barely misses you. The rat barely misses you.
You tentacle-slap the kobold but do no damage.
The kobold is moderately wounded.
You constrict the kobold, but do no damage.
The kobold barely misses you. The rat bites you.
* * * LOW HITPOINT WARNING * * *
You tentacle-slap the kobold but do no damage.
The kobold is moderately wounded.
You constrict the kobold.
The kobold hits you with a +0 short sword.
* * * LOW HITPOINT WARNING * * *
The rat closely misses you.
You take 1 damage, and have 3/12 hp.
You tentacle-slap the kobold.
You kill the kobold!
The bat misses you. The rat bites you.
You die...

##.#..#.......###.....#
##....................#
#........##.##.##.##..#
#####†...##.....§§....##
#............≈§≈≈..#
######....######.§§§§≈≈..
#.........######.≈§§§≈≈..
#.#######r.......§≈§≈§≈..
#...r@#..####.§≈≈≈≈...
#.#.b)..#..# ##........
#..#######.# #.......# #.
.# #.#.###.# . #...# .. #
###.. .


You could see a bat, a rat and a friendly rat (summoned).

Vanquished Creatures
  A giant cockroach (D:1)
  A kobold (D:1)
2 creatures vanquished.

Notes
Turn   | Place    | Note
-------+----------+-------------------------------------------
     0 | D:1      | 910rd the Octopode Summoner began the quest for the Orb.
     0 | D:1      | Reached XP level 1. HP: 11/11 MP: 3/3
    34 | D:1      | Slain by a rat

Illustrated notes

Levels and vault maps discovered:
D:1:      dpeg_arrival_pits, layout_rooms, hex_large, st_stairs_5,
          amethyst_killhole, minmay_fountain_box, minmay_3d_cube

Action                   || total
-------------------------++-------
Melee: Unarmed           ||     7
       Constrict         ||     1
       Tentacles         ||     1
 Cast: Summon Small Mamm ||     1
 Stab: Sleeping          ||     1
Dodge: Dodged            ||     7

Table legend: (Time is in decaauts)
 A = Elapsed time spent in this place.
 B = Non-inter-level travel time spent in this place.
 C = Inter-level travel time spent in this place.
 D = Time resting spent in this place.
 E = Time spent auto-exploring this place.
 F = Levels seen in this place.
 G = Mean time per level.
                   A        B        C        D        E       F      G
               +--------+--------+--------+--------+--------+-----+--------+
         Total |     34 |     34 |      0 |      0 |     10 |   1 |   34.0 |
       Dungeon |     34 |     34 |      0 |      0 |     10 |   1 |   34.0 |
               +--------+--------+--------+--------+--------+-----+--------+

Top non-repeatable levels by time:
     D:1: 34 daAuts
